 Dungeon Crawl Stone Soup version 0.19-a0-414-g76fec5b (webtiles) character file.

26 wvc the Skirmisher (level 3, 5/37 HPs)
             Began as an Ogre Wanderer on May 31, 2016.
             Quit the game on level 2 of the Dungeon.
             The game lasted 00:03:20 (1423 turns).

wvc the Skirmisher (Ogre Wanderer)                  Turns: 1423, Time: 00:03:20

Health: 5/37       AC:  3    Str: 19    XL:     3   Next: 8%
Magic:  3/3        EV: 10    Int: 11    God:
Gold:   122        SH:  0    Dex:  8    Spells: 0 memorised, 2 levels left

rFire  . . .     SeeInvis +     p - -2 club (curse)
rCold  . . .     Gourm    .     e - +0 robe
rNeg   . . .     Faith    .     (no shield)
rPois  .         Spirit   .     (helmet restricted)
rElec  .         Dismiss  .     (no cloak)
rCorr  .         Reflect  .     (gloves unavailable)
SustAt .         Harm     .     (boots unavailable)
MR     .....                    (no amulet)
Stlth  +.........               (no ring)
                                n - ring of see invisible

@: not resistant to hostile enchantments, very unstealthy
A: unfitting armour, tough skin 1
a: no special abilities


You were on level 2 of the Dungeon.
You were not hungry.

You visited 1 branch of the dungeon, and saw 2 of its levels.

You collected 122 gold pieces.

Inventory:

Hand Weapons
 b - a +0 shortbow
 d - a +0 spear
 p - a cursed -2 club (weapon)
 t - a +0 mace
Missiles
 c - 23 arrows
Armour
 e - a +0 robe (worn)
Jewellery
 n - a ring of see invisible (left hand)
Wands
 a - a wand of confusion (15/48)
Potions
 i - a potion of ambrosia {unknown}
 j - a potion of cure mutation {unknown}
 o - a potion of curing {unknown}
 q - a potion of haste {unknown}
 r - 2 potions of heal wounds
 s - a potion of might {unknown}
Comestibles
 f - 2 bread rations
 m - a meat ration


   Skills:
 - Level 3.1 Fighting
 + Level 2.0 Maces & Flails
 - Level 1.0 Polearms
 - Level 1.3 Bows
 - Level 1.0 Throwing
 - Level 2.9 Dodging
 - Level 1.0 Evocations


You had 2 spell levels left.
You didn't know any spells.

Dungeon Overview and Level Annotations

Branches:
Dungeon (2/15)

Altars:

Annotations:
D:2 1 exclusion


Innate Abilities, Weirdness & Mutations

You are too large for most types of armour.
You have tough skin. (AC +1)


Message History

The giant gecko is moderately wounded.
The giant gecko barely misses you.
You miss the giant gecko.
The giant gecko is moderately wounded.
The giant gecko bites you.
* * * LOW HITPOINT WARNING * * *
The giant gecko bites you but does no damage.
Okay, then.
As you read the scroll of immolation, it crumbles to dust.
The creatures around you are filled with an inner flame!
The giant gecko bites you but does no damage.
The giant gecko closely misses you.
You closely miss the giant gecko.
The giant gecko is moderately wounded.
The giant gecko bites you but does no damage.
You miss the giant gecko.
The giant gecko is moderately wounded.
The giant gecko bites you.
* * * LOW HITPOINT WARNING * * *
Are you sure you want to abandon this character and quit the game? (Confirm with "yes".)

.......######
#...........#
..........#
##$..)###.#
+....'!..#
#....##..# #...
#..# ########l.#
#+#.# #.......@.#
....# #.........#
....#####.........#
...>+...'.........#
....#####.........#
....# ###)####..#
....#######.####..#
.......(..........#
##'########.####.##


You could see a giant gecko (inner flame).

Vanquished Creatures
  3 giant geckos
  3 goblins (D:1)
  3 hobgoblins
  A quokka (D:2)
  2 bats (D:1)
  4 kobolds
  5 rats
21 creatures vanquished.

Notes
Turn   | Place    | Note
--------------------------------------------------------------
     0 | D:1      | wvc the Ogre Wanderer began the quest for the Orb.
     0 | D:1      | wvc set off with: a wand of confusion (15/48), a +0 shortbow, 23 arrows, a +0 spear, a +0 robe, a bread ration
     0 | D:1      | Reached XP level 1. HP: 19/19 MP: 1/1
   117 | D:1      | Reached skill level 2 in Fighting
   202 | D:1      | Reached XP level 2. HP: 22/29 MP: 2/2
   604 | D:1      | Reached skill level 3 in Fighting
  1061 | D:2      | Reached skill level 1 in Maces & Flails
  1315 | D:2      | Reached XP level 3. HP: 37/37 MP: 3/3
  1423 | D:2      | Quit the game

Vault maps used:
D:1:      dpeg_arrival_arbitrary_c, hangedman_decor_clover_reticule
D:2:      uniq_crazy_yiuf_cottage

Skill      XL: |  1  2  3 |
---------------+----------+-----
Fighting       | 2 3 |  3.1
Maces & Flails | 1 2 |  2.0
Polearms       | |  1.0
Bows           | |  1.3
Throwing       | |  1.0
Dodging        | |  2.9
Evocations     | |  1.0

Action                   || total
-------------------------++-------
Melee: Club              ||    60
 Fire: Shortbow          ||    80
  Use: Scroll            ||     5
  Eat: Chunk             ||     1
       Beef jerky        ||     2
Armor: Robe              ||    25
Dodge: Dodged            ||    73
